 Dungeon Crawl Stone Soup version 0.30.1 (webtiles) character file.

Game seed: 6180346807834477869

1654 Graphine the Shield-Bearer (level 9, 0/69 HPs)
             Began as a Formicid Fighter on July 8, 2023.
             Was an Initiate of Yredelemnul.
             Slain by a gnoll
             ... wielding a +0 club
             ... led by a gnoll bouda
              (5 damage)
             ... on level 7 of the Dungeon.
             The game lasted 00:14:34 (6136 turns).

Graphine the Shield-Bearer (Formicid Fighter)       Turns: 6136, Time: 00:14:35

Health: 0/69       AC: 13    Str: 24    XL:     9   Next: 19%
Magic:  12/12      EV:  5    Int:  9    God:    Yredelemnul [......]
Gold:   476        SH:  0    Dex: 13    Spells: 12/12 levels left

rFire   . . .        a - +1 quarterstaff (flame)
rCold   . . .        c - +0 buckler
rNeg    . . .        b - +0 scale mail
rPois   .            (helmet unavailable)
rElec   .            g - +1 cloak
rCorr   .            (no gloves)
SInv    +            q - +2 pair of boots
Will    .....        (no amulet) Stlth
                     (no ring)
HPRegen 0.31/turn    (no ring)
MPRegen 0.13/turn

%: no passive effects
@: held
A: permanent stasis, dig shafts and tunnels, antennae 3, four strong arms
a: Dig, Shaft Self, Renounce Religion, Recall Undead Harvest


You were on level 7 of the Dungeon.
You worshipped Yredelemnul.
Yredelemnul was noncommittal.
You visited 1 branch of the dungeon, and saw 7 of its levels.

You collected 476 gold pieces.

Inventory:

Hand Weapons
 a - a +1 quarterstaff of flaming (weapon)
 h - the +5 spear of Athoteh {heavy, rC++}
   (You found it on level 2 of the Dungeon)

   rC:        It greatly protects you from cold.
 v - the +1 falchion "Undertaker" {elec, Dex+3}
   (You found it on level 6 of the Dungeon)

   Dex:       It affects your dexterity (+3).
Missiles
 t - a throwing net
Armour
 b - a +0 scale mail (worn)
 c - a +0 buckler (worn)
 g - a +1 cloak (worn)
 q - a +2 pair of boots (worn)
Magical Staves
 n - a staff of earth
 y - a staff of poison
Jewellery
 f - an amulet of magic regeneration
 s - an amulet of the acrobat
Wands
 e - a wand of polymorph (10)
 o - a wand of roots (5)
 x - a wand of flame (11)
Potions
 d - a potion of might
 i - a potion of heal wounds {unknown}
 j - 4 potions of curing {unknown}
 k - a potion of flight {unknown}
 l - 2 potions of brilliance {unknown}
 m - a potion of lignification {unknown}
 p - 2 potions of mutation {unknown}
 r - a potion of ambrosia {unknown}
 u - a potion of cancellation {unknown}
 w - a potion of invisibility {unknown}


   Skills:
 + Level 5.8 Fighting
 * Level 6.4 Staves
 + Level 5.6 Armour
 + Level 6.9 Shields
 + Level 2.2 Spellcasting
 + Level 2.2 Necromancy
 + Level 4.4 Invocations


You had 12 spell levels left.
You didn't know any spells.
Your spell library contained the following spells:

 Spells                   Type           Power      Damage    Failure   Level
 Necrotise                Necr           20%        1d5       34%         1
 Sandblast                Erth           0%         2d4       65%         1
 Passwall                 Tmut/Erth      0%         N/A       80%         2
 Stone Arrow              Conj/Erth      0%         3d7       95%         3
 Dispel Undead            Necr           5%         3d7       98%         4
 Haunt                    Necr/Summ      1%         N/A       100%        7
 Animate Dead             Necr           Unusable   N/A       N/A         4

Dungeon Overview and Level Annotations

Branches:
Dungeon (7/15)             Temple (0/1) D:6

Altars:
Ashenzari
Cheibriados
Dithmenos
Gozag
Okawaru
Qazlal
Uskayaw
Yredelemnul

Shops:
D:6 (*!::


Innate Abilities, Weirdness & Mutations

You cannot be hasted, slowed, berserked, paralysed or teleported.
You can dig through walls and to a lower floor.
You have a pair of large antennae on your head. (SInv)
Your four strong arms can wield two-handed weapons with a shield.


Message History

You struggle against the net.
Your water moccasin zombie bites the iguana zombie.
Your orc wizard zombie hits the orc.
The gnoll hits your water moccasin zombie with a +0 club.
Your water moccasin zombie is destroyed!
The iguana closely misses your gnoll zombie.
The orc hits you with a +0 war axe!
The orc hits your orc wizard zombie with a +0 war axe.
The gnoll hits you but does no damage. x2
The gnoll bouda hits you but does no damage.
The iguana zombie barely misses you.
Your gnoll zombie hits the gnoll but does no damage.
You struggle against the net.
The orc hits you but does no damage.
The orc hits your orc wizard zombie with a +0 war axe.
The iguana bites your gnoll zombie!
Your gnoll zombie is destroyed!
Your orc wizard zombie hits the orc.
The gnoll barely misses you. The gnoll hits you but does no damage.
The gnoll barely misses you.
You struggle against the net.
Your attacks no longer feel as feeble.
The iguana zombie bites you but does no damage.
The orc hits you but does no damage.
The orc closely misses your orc wizard zombie.
The gnoll hits you but does no damage.
The gnoll hits you from afar with a +0 halberd.
The gnoll hits you but does no damage.
Your orc wizard zombie barely misses the orc.
You struggle against the net.
The iguana zombie bites you!
* * * LOW HITPOINT WARNING * * *
The orc hits you with a +0 war axe.
* * * LOW HITPOINT WARNING * * *
The orc barely misses your orc wizard zombie.
The iguana hisses menacingly.
The gnoll hits you from afar with a +0 halberd.
* * * LOW HITPOINT WARNING * * *
The gnoll hits you from afar with a +0 halberd.
* * * LOW HITPOINT WARNING * * *
The gnoll hits you with a +0 club.
You die...
Your body rises from the dead as a mindless zombie.

#.....##..)......###..#
......##...)..........#
# ......##...)...?.....#
.#
.^....###'####...#+#....
..)........# ##.Z+ .#
#..........####Z.#+#..#
######...............#
######.....######Z...##
Z....#.....##..g@g....#
####.#.....##.Zogl....#
# #.#....?##..gg.....#
## #.#.....##.........#
.# ###.....##.........#
## #.........#
......$...# ...........#


You could see a gnoll bouda, an iguana, 4 gnolls, an orc (ally target), an
iguana zombie and a friendly orc wizard zombie.

Vanquished Creatures
  2 water moccasins
  An ice beast (D:6)
  A black bear (D:5)
  3 centaurs
  A bullfrog (D:7)
  2 scorpions (D:5)
  A howler monkey (D:5)
  2 hounds (D:6)
  3 jellies
  2 gnoll boudas
  5 iguanas
  Jessica (D:2)
  3 orc wizards
  14 gnolls
  5 adders
  An ufetubus (D:5)
  2 worms
  2 dart slugs
  13 orcs
  4 ball pythons
  7 bats
  4 endoplasms
  6 giant cockroaches
  16 goblins
  11 hobgoblins
  5 jackals
  4 frilled lizards
  7 kobolds
  4 rats
132 creatures vanquished.

Vanquished Creatures (collateral kills)
  An electric eel (D:6)
  2 gnolls
  A shadow imp (D:6)
  2 orcs
  2 goblins
  A kobold (D:3)
9 creatures vanquished.

Vanquished Creatures (others)
  A water moccasin zombie (D:7)
  A centaur zombie (D:6)
  An adder zombie (D:5)
  An iguana zombie (D:6)
  A spectral shadow imp (D:6)
  A bat zombie (D:2)
  2 gnoll zombies (D:7)
  3 goblin zombies (D:3)
  6 orc zombies
17 creatures vanquished.

Grand Total: 158 creatures vanquished

Notes
Turn   | Place    | Note
-------+----------+-------------------------------------------
     0 | D:1      | Graphine the Formicid Fighter began the quest for the Orb.
     0 | D:1      | Reached XP level 1. HP: 18/18 MP: 1/1
   125 | D:1      | Reached XP level 2. HP: 22/24 MP: 2/2
   540 | D:1      | Reached XP level 3. HP: 29/29 MP: 3/3
   746 | D:2      | Noticed Jessica
   750 | D:2      | Killed Jessica
   753 | D:2      | Reached XP level 4. HP: 35/37 MP: 4/4
   782 | D:2      | Identified the +5 spear of Athoteh {heavy, rC++}
   794 | D:2      | Found a faded altar of an unknown god.
   840 | D:2      | Prayed at the altar of an unknown god.
   840 | D:2      | Became a worshipper of Yredelemnul the Dark
   840 | D:2      | Reached * piety under Yredelemnul
  1271 | D:2      | Reached XP level 5. HP: 42/42 MP: 5/5
  1793 | D:3      | Reached skill level 1 in Invocations
  1804 | D:3      | Reached skill level 5 in Shields
  2226 | D:3      | Reached ** piety under Yredelemnul
  2386 | D:3      | Reached XP level 6. HP: 48/48 MP: 7/7
  2491 | D:3      | Found a hide-covered altar of Uskayaw.
  2707 | D:4      | Found a shadowy altar of Dithmenos.
  2893 | D:4      | Found a broken altar of Ashenzari.
  3843 | D:5      | Entered Level 5 of the Dungeon
  3916 | D:5      | Noticed a black bear
  3925 | D:5      | Killed a black bear
  3926 | D:5      | Reached XP level 7. HP: 52/55 MP: 8/8
  4028 | D:5      | Found a stormy altar of Qazlal.
  4411 | D:5      | Found a snail-covered altar of Cheibriados.
  4444 | D:5      | Reached skill level 5 in Staves
  4695 | D:5      | Reached XP level 8. HP: 57/61 MP: 7/10
  4996 | D:6      | Found Suodd's Distillery.
  5001 | D:6      | Got the Compendium of Necromancy
  5014 | D:6      | Reached skill level 5 in Fighting
  5024 | D:6      | Reached skill level 1 in Necromancy
  5025 | D:6      | Reached skill level 5 in Armour
  5025 | D:6      | Reached skill level 1 in Spellcasting
  5165 | D:6      | Found an iron altar of Okawaru.
  5403 | D:6      | Found Jepelec's Antique Weapon Emporium.
  5418 | D:6      | Found an opulent altar of Gozag.
  5419 | D:6      | Found Gozag's Platinum Reserve.
  5437 | D:6      | Found Ischyuto's Book Shop.
  5461 | D:6      | Found a staircase to the Ecumenical Temple.
  5648 | D:6      | Identified the +1 falchion "Undertaker" {elec, Dex+3}
  5650 | D:6      | Found Juampu Athu's Book Boutique.
  5919 | D:7      | Reached XP level 9. HP: 46/68 MP: 10/12
  6136 | D:7      | Slain by a gnoll

Illustrated notes

Levels and vault maps discovered:
D:1:      sevenhm_arrival_forest_fort_small_6, layout_loops_ring, nicolae_titane
D:2:      layout_basic, ebering_ecumenical_altar_sacrificial,
          minmay_fractal_squares_5, uniq_jessica
D:3:      cheibrodos_greedy_goblins, layout_loops_ring,
          mainiacjoe_overflow_alcove_2, grunt_ministairs_8, hangedman_decor_push
D:4:      layout_basic, amcnicky_altar_gilded, mainiacjoe_overflow_catwalk,
          corner_web_ring, chequers_jeans, minmay_misc_feat_cross
D:5:      layout_loops_ring, nicolae_overflow_hidden_temple,
          mainiacjoe_overflow_brackets, chequers_avenue, nicolae_grassy_gnolls
D:6:      layout_rooms, okawaru_altar_gauntlet_db,
          nicolae_gozag_zags_fifth_avenue, minmay_temple_entry_mini_moons,
          serial_shops, nicolae_inconvenience_store, nicolae_shop_tiny_glass,
          shop, nicolae_book_shop_shelving, nrook_pool_corridor
D:7:      layout_basic, kennysheep_mini_moat, gammafunk_temple_overflow_wave,
          sigmund_edmund_badplayer

Skill      XL: |  1  2  3  4  5  6  7  8  9 |
---------------+----------------------------+-----
Staves         | 3 4 5 6 |  6.4
Fighting       | 4 5 |  5.8
Invocations    | 1 2 3 4 |  4.4
Shields        | 5 6 |  6.9
Armour         | 4 5 |  5.6
Necromancy     | 2 |  2.2
Spellcasting   | 1 2 |  2.2

Action                     |  1- 3 |  4- 6 |  7- 9 || total
---------------------------+-------+-------+-------++-------
  Melee: Quarterstaff      |    54 |   207 |   161 ||   422
 Invoke: Recall Undead Har |       |       |     2 ||     2
    Use: Scroll            |     3 |     4 |     4 ||    11
         Potion            |       |       |     1 ||     1
   Stab: Distracted        |       |     1 |     2 ||     3
 Armour: Scale mail        |    23 |    94 |    93 ||   210
  Dodge: Dodged            |    30 |    96 |    97 ||   223
  Block: Buckler           |    11 |    47 |    44 ||   102
